 Dungeon Crawl Stone Soup version 0.18.1-50-g88ac8fd (webtiles) character file.

421 roflturtle the Skirmisher (level 7, 0/58 HPs)
             Began as a Formicid Fighter on Nov 29, 2016.
             Slain by an ogre
             ... wielding a +0 giant spiked club
              (24 damage)
             ... on level 5 of the Dungeon.
             The game lasted 00:17:07 (3123 turns).

roflturtle the Skirmisher (Formicid Fighter)        Turns: 3123, Time: 00:17:08

Health: 0/58       AC:  6    Str: 21    XL:     7   Next: 16%
Magic:  7/7        EV:  8    Int:  7    God:
Gold:   191        SH: 10    Dex: 12    Spells: 0 memorised, 6 levels left

rFire  . . .     SeeInvis +     a - +0 long sword
rCold  . . .     Gourm    .     b - +0 scale mail
rNeg   . . .     Faith    .     c - +0 shield
rPois  .         Spirit   .     (helmet unavailable)
rElec  .         Dismiss  .     (no cloak)
rCorr  .         Reflect  .     (no gloves)
SustAt .         Harm     .     (no boots)
MR     .....                    (no amulet)
Stlth  ..........               (no ring)
                                (no ring)

@: not resistant to hostile enchantments, extremely unstealthy
A: permanent stasis, dig shafts and tunnels, four strong arms, antennae 3
a: Dig, Shaft Self


You were on level 5 of the Dungeon.
You were not hungry.

You visited 2 branches of the dungeon, and saw 6 of its levels.

You collected 191 gold pieces.

Inventory:

Hand Weapons
 a - a +0 long sword (weapon)
 B - a +0 hunting sling
Missiles
 g - 8 bolts
 l - 48 sling bullets
 m - 37 poisoned needles
Armour
 b - a +0 scale mail (worn)
 c - a +0 shield (worn)
Jewellery
 o - an uncursed ring of poison resistance {unknown}
Wands
 C - a wand of flame (21/48)
Scrolls
 e - 3 scrolls of teleportation {unknown}
 i - 7 scrolls of identify {unknown}
 j - 2 scrolls of enchant armour {unknown}
 k - 2 scrolls of recharging {unknown}
 n - 2 scrolls of fear {unknown}
 q - 3 scrolls of random uselessness {unknown}
 t - 6 scrolls of remove curse {unknown}
 y - 3 scrolls of magic mapping {unknown}
 A - 2 scrolls of blinking {unknown}
Potions
 d - a potion of might
 h - 2 potions of magic {unknown}
 p - a potion of cancellation {unknown}
 r - a potion of curing {unknown}
 s - 2 potions of brilliance {unknown}
 w - a potion of resistance {unknown}
 D - 2 potions of mutation {unknown}
Books
 E - a book of the Sky

   Spells                             Type                      Level
   a - Summon Lightning Spire         Summoning/Air                4
   b - Airstrike                      Air                          4
   c - Silence                        Hexes/Air                    5
   d - Deflect Missiles               Charms/Air                   6
   e - Conjure Ball Lightning         Conjuration/Air              6
   f - Tornado                        Air                          9
Miscellaneous
 x - a plain deck of defence
Comestibles
 f - 4 bread rations
 u - 2 meat rations
 v - 3 fruits
 z - 2 beef jerkies


   Skills:
 - Level 6.0 Fighting
 + Level 4.6 Long Blades
 - Level 3.2 Armour
 - Level 5.0 Shields


You had 6 spell levels left.
You didn't know any spells.

Dungeon Overview and Level Annotations

Branches:
Dungeon (5/15)             Temple (1/1) D:4

Altars:
Ashenzari
Cheibriados
Elyvilon
Kikubaaqudgha
Makhleb
Nemelex Xobeh
Pakellas
Qazlal
Trog
Xom
Yredelemnul


Innate Abilities, Weirdness & Mutations

You are under a permanent stasis effect.
You can dig through walls and to a lower floor.
Your four strong arms can wield two-handed weapons with a shield.
You have a pair of large antennae on your head (SInv).


Message History

You block the hound's attack. The hound bites you.
The hound bites you but does no damage.
There is an open door here.
You hit the hound.
The hound is severely wounded.
The hound bites you but does no damage. You block the hound's attack.
You hit the hound.
The hound is severely wounded.
The hound bites you but does no damage. The hound closely misses you.
You hit the hound.
The hound is almost dead.
The hound bites you. The hound closely misses you.
You hit the hound.
You kill the hound!
The ogre hits you with a giant spiked club.
You hit the ogre.
The ogre is moderately wounded.
The ogre hits you with a giant spiked club!!
You die...

............
........... {
........... {
...O......
#######.........
#########.....#.......
#.......#.....#....#
#.......@.....#....+
#......O#######....#
#........O.........#
#..................#
########...........#
#...........+
#...........#
#...........######
#.................


You could see an ogre.

Vanquished Creatures
  The ghost of McSplat the Ruffian, an amateur TrMo (D:4)
  A crimson imp (D:5)
  A hound (D:5)
  6 adders
  An ooze (D:3)
  A worm (D:4)
  2 dart slugs (D:3)
  3 giant geckos
  5 orcs
  6 giant cockroaches
  4 goblins
  6 hobgoblins
  2 kobolds
  A quokka (D:4)
  4 bats
  7 giant newts
  3 rats
54 creatures vanquished.

Notes
Turn   | Place    | Note
--------------------------------------------------------------
     0 | D:1      | roflturtle the Formicid Fighter began the quest for the Orb.
     0 | D:1      | Reached XP level 1. HP: 18/18 MP: 1/1
   214 | D:1      | Reached XP level 2. HP: 24/24 MP: 2/2
   742 | D:2      | Found a shimmering altar of Xom.
   756 | D:2      | Reached XP level 3. HP: 29/29 MP: 3/3
   944 | D:2      | Reached skill level 5 in Shields
  1499 | D:3      | Reached XP level 4. HP: 26/35 MP: 4/4
  1725 | D:3      | Found a sparkling altar of Nemelex Xobeh.
  1745 | D:3      | Found an ancient bone altar of Kikubaaqudgha.
  1851 | D:3      | Reached XP level 5. HP: 41/41 MP: 5/5
  2105 | D:4      | Found a staircase to the Ecumenical Temple.
  2111 | D:4      | Noticed McSplat's ghost (amateur TrMo)
  2112 | Temple   | Entered the Ecumenical Temple
  2327 | D:4      | Killed McSplat's ghost
  2327 | D:4      | Reached skill level 6 in Fighting
  2327 | D:4      | Reached XP level 6. HP: 26/52 MP: 6/6
  2505 | D:4      | Found a bloodstained altar of Trog.
  2553 | D:4      | Found a basalt altar of Yredelemnul.
  2965 | D:5      | Entered Level 5 of the Dungeon
  3023 | D:5      | Reached XP level 7. HP: 49/58 MP: 7/7
  3123 | D:5      | Slain by an ogre

Skill      XL: |  1  2  3  4  5 |
---------------+----------------+-----
Shields        | 4 5 |  5.0
Long Blades    | 3 4 |  4.6
Fighting       | 6 |  6.0
Armour         | |  3.2

Action                   |  1- 3 |  4- 6 |  7- 9 || total
-------------------------+-------+-------+-------++-------
Melee: Long sword        |   112 |   102 |    18 ||   232
  Use: Potion            |       |     1 |       ||     1
  Eat: Chunk             |     1 |     6 |       ||     7
Armor: Scale mail        |    43 |    28 |     7 ||    78
Dodge: Dodged            |    27 |    23 |    10 ||    60
Block: Shield            |    58 |    44 |    12 ||   114
